 Dungeon Crawl Stone Soup version 0.21.1-1-g345015f (webtiles) character file.

14133 tidbits the Thaumaturge (level 12, -6/89 HPs)
             Began as a Gnoll Earth Elementalist on Feb 14, 2018.
             Was an Elder of Cheibriados.
             Shot with a bolt by a yaktaur (25 damage)
             ... on level 13 of the Dungeon.
             The game lasted 00:42:15 (2940 turns).

tidbits the Thaumaturge (Gnoll Earth Elementalist)  Turns: 2940, Time: 00:42:16

Health: -6/89      AC:  0    Str: 20    XL:     12   Next: 13%
Magic:  17/24      EV: 31    Int: 31    God:    Cheibriados [****..]
Gold:   440        SH:  0    Dex: 30    Spells: 5/28 levels left

rFire    . . .     SeeInvis .     - Unarmed
rCold    . . .     Gourm    +   (shield currently unavailable)
rNeg     . . .     Faith    .   (armour currently unavailable)
rPois    .         Spirit   .   (helmet currently unavailable)
rElec    .         Reflect  .   (cloak currently unavailable)
rCorr    .         Harm     .   (gloves currently unavailable)
MR       +....                  (boots currently unavailable)
Stlth    +++++.....             Q - amulet of the gourmand
HPRegen  0.24/turn              (ring currently unavailable)
MPRegen  0.19/turn              (ring currently unavailable)

@: bat-form, flying, very slightly contaminated, slow
A: tiny, distributed training, blink, magic resistance 1, wild magic 1, strong
nose
a: Blink, Bend Time, Temporal Distortion, Slouch, Renounce Religion


You were on level 13 of the Dungeon.
You worshipped Cheibriados.
Cheibriados was greatly pleased with you.
You were hungry.
You were in bat-form.
You visited 2 branches of the dungeon, and saw 14 of its levels.
You also visited: Labyrinth and Ossuary.

You collected 440 gold pieces.

Inventory:

Hand Weapons
 d - a +1 dagger of draining (melded)
   (You took it off a necromancer on level 12 of the Dungeon)
 i - a +0 morningstar
 j - a +0 scythe
 s - a +0 trident
 G - a +0 war axe
 I - a +2 morningstar of draining
   (You took it off a minotaur in a labyrinth)
 M - a +1 flail of pain
   (You found it in a labyrinth)
Missiles
 m - a throwing net {!f}
 q - 80 arrows
 v - 4 tomahawks (quivered)
 z - 2 javelins
 C - 49 stones
Armour
 w - the +3 scale mail of Ziggegiodo {+Blink}
   (You found it on level 11 of the Dungeon)

   It lets you blink.
 B - a +0 troll leather armour (melded)
 E - a +0 helmet of see invisible (melded)
   (You found it in a labyrinth)
 F - the +1 pair of boots of the Vaults (melded) {+Blink +Inv rC+}
   (You found it on level 5 of the Dungeon)

   It protects you from cold.
   It lets you turn invisible.
   It lets you blink.
 H - the +4 ring mail "Itiykuq" {rC+}
   (You found it on level 5 of the Dungeon)

   It protects you from cold.
 J - a +1 plate armour of cold resistance
   (You took it off a minotaur in a labyrinth)
 L - a +1 ring mail of fire resistance
   (You took it off an orc on level 7 of the Dungeon)
 O - the +3 leather armour "Fein" {rC+++ MR++}
   (You found it in a labyrinth)

   It renders you almost immune to cold.
   It affects your resistance to hostile enchantments.
Jewellery
 n - a ring of flight (melded)
   (You found it in a labyrinth)
 K - an uncursed ring of protection from cold
   (You took it off a minotaur in a labyrinth)
 Q - an amulet of the gourmand (around neck)
   (You found it in a labyrinth)
 R - the amulet of Joisil {Gourm rElec Int+2 Dex-4}
   (You found it in a labyrinth)

   [amulet of the gourmand]

   It allows you to eat raw meat even when not hungry.
   It affects your intelligence (+2).
   It affects your dexterity (-4).
   It insulates you from electricity.
 S - the ring of Equilibrium (melded) {+Inv MP+9 Str+4 Dex-3}
   (You found it in a labyrinth)

   [ring of magical power]

   It affects your strength (+4).
   It affects your dexterity (-3).
   It affects your magic capacity (+9).
   It lets you turn invisible.
Wands
 y - a wand of polymorph (22)
 T - a wand of disintegration (14)
 U - a wand of flame (31)
 V - a wand of paralysis (1)
Scrolls
 a - 3 scrolls of teleportation
 b - a scroll of holy word
 g - a scroll of enchant weapon
 h - a scroll of brand weapon
 l - 2 scrolls of amnesia
 r - 6 scrolls of remove curse
 D - 3 scrolls of fear
Potions
 f - a potion of ambrosia {unknown}
 k - a potion of magic
 o - a potion of brilliance
 t - a potion of curing
 u - 2 potions of heal wounds
 x - 2 potions of flight
 A - a potion of cancellation
 N - a potion of lignification
 Z - a potion of mutation {!q}
Books
 e - a book of Geomancy

   Spells                             Type                      Level
   a - Sandblast                      Earth                        1
   b - Passwall                       Transmutation/Earth          2
   c - Stone Arrow                    Conjuration/Earth            3
   d - Petrify                        Transmutation/Earth          4
   e - Lee's Rapid Deconstruction     Earth                        5
 p - a book of Changes
   (You found it on level 3 of the Dungeon)

   Spells                             Type                      Level
   a - Beastly Appendage              Transmutation                1
   b - Sticks to Snakes               Transmutation                2
   c - Spider Form                    Transmutation/Poison         3
   d - Ice Form                       Ice/Transmutation            4
   e - Blade Hands                    Transmutation                5
 W - a book of Unlife
   (You found it in a labyrinth)

   Spells                             Type                      Level
   a - Recall                         Summoning/Translocation      3
   b - Animate Dead                   Necromancy                   4
   c - Borgnjor's Vile Clutch         Necromancy/Earth             5
   d - Death Channel                  Necromancy                   6
   e - Simulacrum                     Ice/Necromancy               6
 X - a book of the Tempests
   (You found it in a labyrinth)

   Spells                             Type                      Level
   a - Static Discharge               Conjuration/Air              3
   b - Lightning Bolt                 Conjuration/Air              5
   c - Ignition                       Fire                         8
   d - Tornado                        Air                          9
   e - Shatter                        Earth                        9
Miscellaneous
 P - a sack of spiders
 Y - a crystal ball of energy
Comestibles
 c - 4 rations


   Skills:
 + Level 6.8 Fighting
 + Level 6.8 Short Blades
 + Level 6.8 Long Blades
 + Level 6.8 Axes
 + Level 6.8 Maces & Flails
 + Level 6.8 Polearms
 + Level 6.8 Staves
 + Level 6.8 Slings
 + Level 6.8 Bows
 + Level 6.8 Crossbows
 + Level 6.8 Throwing
 + Level 6.8 Armour
 + Level 8.3 Dodging
 + Level 8.1 Stealth
 + Level 6.8 Shields
 + Level 6.8 Unarmed Combat
 + Level 8.6 Spellcasting
 + Level 5.7 Conjurations
 + Level 5.7 Hexes
 + Level 5.7 Charms
 + Level 5.7 Summonings
 + Level 5.7 Necromancy
 + Level 5.7 Translocations
 + Level 6.1 Transmutations
 + Level 5.7 Fire Magic
 + Level 5.7 Ice Magic
 + Level 5.7 Air Magic
 + Level 8.0 Earth Magic
 + Level 5.7 Poison Magic
 + Level 7.5 Invocations
 + Level 6.8 Evocations


You had 5 spell levels left.
You knew the following spells:

 Your Spells              Type           Power        Failure   Level  Hunger
a - Sandblast             Erth           ######       1%          1    None
b - Beastly Appendage     Tmut           ######       1%          1    None
e - Petrify               Tmut/Erth      ######..     3%          4    None
h - Blade Hands           Tmut           ######....   13%         5    ####...
j - Stone Arrow           Conj/Erth      ######       1%          3    None
k - Sticks to Snakes      Tmut           ######..     1%          2    None
p - Passwall              Tmut/Erth      ######....   1%          2    None
v - Borgnjor's Vile Clut  Necr/Erth      ######....   10%         5    ####...


Dungeon Overview and Level Annotations

Branches:
Dungeon (13/15)            Temple (1/1) D:5          Vaults (0/5) D:13
   Lair: D:8-11         Orc: D:9-12

Altars:
Cheibriados
Dithmenos
Gozag
Hepliaklqana
Kikubaaqudgha
Makhleb
Okawaru
Qazlal
Ru
Sif Muna
Uskayaw
Xom
Yredelemnul
Zin
The Shining One

Shops:
D:8 }

Annotations:
D:11 exclusion: meliai
D:13 Rupert


Innate Abilities, Weirdness & Mutations

Your experience applies equally to all skills.
((You have very sharp teeth.))
Your uncanny sense of smell can sniff out nearby items.
You can translocate small distances at will.
You are resistant to hostile enchantments. (MR+)
Your spells are a little harder to cast, but a little more powerful.


Message History

There is an open door here.
You open the door.
Your transformation is almost over.
There is an open door here.
Found a stone staircase leading down.
Your hands revert to their normal proportions.
Your +1 dagger of draining unmelds from your body.
You sense an unholy aura.
There is an open door here.
You open the door.
There is an open door here.
Found a stone staircase leading down.
There is a stone staircase leading down here.
You climb downwards.
A crocodile, an orc knight, a centaur warrior, a yaktaur, 16 humans and Rupert come into view.
Rupert is wielding a great mace of crushing.
The centaur warrior shouts!
The human shouts! x3; The orc knight shouts!
The human shouts! x2; The yaktaur shouts!
The human shouts! x5
Found a gate to the Vaults.
Found a stone staircase leading down and a stone staircase leading up.
There is a stone staircase leading up here.
Unknown command.
The human shouts!
The centaur warrior wields a shortbow.
The centaur warrior shoots an arrow.
The arrow completely misses you.
The arrow hits the human!
The human shouts!
There is a stone staircase leading up here.
Unknown command.
You can feel time thicken for a moment.
You feel somewhat more hungry.
Cheibriados lowers the support of your attributes as your movement quickens.
The human completely misses you.
Unknown command.
You can feel time thicken for a moment.
You kill the human!
Cheibriados appreciates the change of pace.
You kill the human!
Cheibriados appreciates the change of pace.
You kill the human!
Cheibriados appreciates the change of pace.
You kill the crocodile!
Cheibriados appreciates the change of pace.
You kill the human!
Cheibriados appreciates the change of pace.
You kill the human!
Cheibriados thoroughly appreciates the change of pace.
You kill the human!
Cheibriados appreciates the change of pace.
You kill the centaur warrior!
Cheibriados thoroughly appreciates the change of pace.
Your Stealth skill increases to level 8!
Your Transmutations skill increases to level 6!
You have reached level 12!
Your experience leads to an increase in your attributes!
Your base attributes are Str 10, Int 21, Dex 16.
Increase (S)trength, (I)ntelligence, or (D)exterity?
You feel clever.
You feel stronger.
You kill the human!
Cheibriados appreciates the change of pace.
You kill the human!
Cheibriados thoroughly appreciates the change of pace.
You kill the human!
Cheibriados appreciates the change of pace.
You kill the human!
Cheibriados thoroughly appreciates the change of pace.
You kill the human!
Cheibriados thoroughly appreciates the change of pace.
Your Earth Magic skill increases to level 8!
You kill the human!
Cheibriados appreciates the change of pace.
You kill the human!
Cheibriados appreciates the change of pace.
You kill the human!
Cheibriados thoroughly appreciates the change of pace.
Cheibriados raises the support of your attributes as your movement slows.
You kill the human!
Cheibriados appreciates the change of pace.
You feel somewhat more hungry.
Cheibriados lowers the support of your attributes as your movement quickens.
The orc knight hits you from afar with a bardiche!!
The yaktaur wields an arbalest.
The yaktaur shoots a bolt.
The bolt completely misses you. The human hits you!
Unknown command.
Casting: Blade Hands
Confirm with . or Enter, or press ? or * to list all spells.
You miscast Blade Hands.
You are very lightly contaminated with residual magic.
You turn into a bat.
Your +1 dagger of draining melds into your body.
Your +0 helmet of see invisible melds into your body.
The +1 pair of boots of the Vaults {+Blink +Inv rC+} melds into your body.
Your +0 troll leather armour melds into your body.
Your ring of flight melds into your body.
The ring of Equilibrium {+Inv MP+9 Str+4 Dex-3} melds into your body.
You feel less perceptive.
You feel your magic capacity decrease.
You are feeling hungry.
The human completely misses you.
The orc knight hits you from afar with a bardiche!!
* * * LOW HITPOINT WARNING * * *
The yaktaur shoots a bolt.
The bolt hits you!!
You die...

.. .# ..#
##.#####
...#####......#
#............#
#............#
#............#
#...†p†)o†...#
#...c†b>†..(.#
#....†∩<.....#
#...†.@......#
+.....(......#
..............#
#.............#
######.....##.#
#.#.... .#
#.###### #


You could see Rupert, an orc knight, a yaktaur and a human.

Vanquished Creatures
  A minotaur (Lab)
  A centaur warrior (D:13)
  A hydra (D:11)
  An unseen horror (D:11)
  A necromancer (D:12)
  A manticore (D:12)
  2 deep elf magi (D:12)
  An ugly thing (D:8)
  2 gargoyles
  A rime drake (shapeshifter) (D:9)
  A komodo dragon (D:12)
  A troll (D:9)
  A hornet (D:12)
  A hippogriff (D:12)
  A wraith (D:12)
  A vampire (D:12)
  Sigmund (D:3)
  7 yaks (D:12)
  15 humans (D:13)
  8 hungry ghosts (Lab)
  A soldier ant (D:12)
  An ice beast (D:12)
  2 orc warriors (D:11)
  A phantom (D:7)
  A sky beast (D:11)
  4 ogres
  2 centaurs
  A crocodile (D:13)
  6 bullfrogs
  A water moccasin zombie (Ossuary)
  3 killer bees (D:12)
  2 centaur zombies (D:12)
  4 crimson imps
  4 hounds
  A centaur skeleton (D:6)
  2 bullfrog skeletons
  An orc priest (D:7)
  2 jellies
  6 orc wizards
  17 mummies (Ossuary)
  3 worker ants
  A polar bear simulacrum (D:12)
  5 wolf simulacra (D:12)
  A yak simulacrum (D:12)
  2 hound zombies
  A howler monkey zombie (D:8)
  A worker ant zombie (Ossuary)
  2 adders
  An adder skeleton (D:7)
  3 worms
  3 leopard geckos
  17 orcs
  A giant cockroach (D:3)
  3 goblins
  2 hobgoblins
  3 jackals (D:3)
  2 ball pythons
  4 bats
  3 frilled lizards
  A jackal zombie (Ossuary)
  A kobold (D:2)
  A leopard gecko skeleton (D:4)
  A leopard gecko zombie (Ossuary)
  A quokka zombie (D:3)
  4 rats
  4 river rat simulacra (D:12)
182 creatures vanquished.

Notes
Turn   | Place    | Note
-------+----------+-------------------------------------------
     0 | D:1      | tidbits the Gnoll Earth Elementalist began the quest for the Orb.
     0 | D:1      | Reached XP level 1. HP: 13/13 MP: 6/6
   102 | D:2      | Reached skill level 2 in Transmutations
   154 | D:1      | Reached XP level 2. HP: 16/19 MP: 4/7
   159 | D:1      | Learned a level 2 spell: Passwall
   237 | D:2      | Reached XP level 3. HP: 19/25 MP: 5/9
   242 | D:2      | Learned a level 3 spell: Stone Arrow
   292 | D:3      | Noticed Sigmund
   299 | D:3      | Killed Sigmund
   299 | D:3      | Reached skill level 1 in Fighting
   299 | D:3      | Reached skill level 1 in Short Blades
   299 | D:3      | Reached skill level 1 in Long Blades
   299 | D:3      | Reached skill level 1 in Axes
   299 | D:3      | Reached skill level 1 in Maces & Flails
   299 | D:3      | Reached skill level 1 in Polearms
   299 | D:3      | Reached skill level 1 in Staves
   299 | D:3      | Reached skill level 1 in Slings
   299 | D:3      | Reached skill level 1 in Bows
   299 | D:3      | Reached skill level 1 in Crossbows
   299 | D:3      | Reached skill level 1 in Throwing
   299 | D:3      | Reached skill level 1 in Armour
   299 | D:3      | Reached skill level 1 in Shields
   299 | D:3      | Reached skill level 1 in Unarmed Combat
   299 | D:3      | Reached skill level 5 in Spellcasting
   299 | D:3      | Reached skill level 1 in Conjurations
   299 | D:3      | Reached skill level 1 in Hexes
   299 | D:3      | Reached skill level 1 in Charms
   299 | D:3      | Reached skill level 1 in Summonings
   299 | D:3      | Reached skill level 1 in Necromancy
   299 | D:3      | Reached skill level 1 in Translocations
   299 | D:3      | Reached skill level 1 in Fire Magic
   299 | D:3      | Reached skill level 1 in Ice Magic
   299 | D:3      | Reached skill level 1 in Air Magic
   299 | D:3      | Reached skill level 1 in Poison Magic
   299 | D:3      | Reached skill level 1 in Invocations
   299 | D:3      | Reached skill level 1 in Evocations
   299 | D:3      | Reached XP level 4. HP: 30/32 MP: 4/11
   299 | D:3      | Reached XP level 5. HP: 35/37 MP: 4/12
   515 | D:3      | Learned a level 1 spell: Beastly Appendage
   518 | D:3      | Learned a level 2 spell: Sticks to Snakes
   611 | D:5      | Entered Level 5 of the Dungeon
   628 | D:5      | Reached XP level 6. HP: 34/44 MP: 13/13
   650 | D:5      | Got a slimy ring mail
   661 | D:5      | Identified the +4 ring mail "Itiykuq" {rC+} (You found it on level 5 of the Dungeon)
   675 | D:5      | Found a staircase to the Ecumenical Temple.
   682 | Temple   | Entered the Ecumenical Temple
   709 | Temple   | Became a worshipper of Cheibriados the Contemplative
   732 | D:5      | Reached skill level 2 in Invocations
   743 | D:5      | Reached skill level 5 in Dodging
   755 | D:5      | Got a pair of transparent boots
   761 | D:5      | Identified the +1 pair of boots of the Vaults {+Blink +Inv rC+} (You found it on level 5 of the Dungeon)
   836 | D:6      | Reached skill level 2 in Fighting
   836 | D:6      | Reached skill level 2 in Short Blades
   836 | D:6      | Reached skill level 2 in Long Blades
   836 | D:6      | Reached skill level 2 in Axes
   836 | D:6      | Reached skill level 2 in Maces & Flails
   836 | D:6      | Reached skill level 2 in Polearms
   836 | D:6      | Reached skill level 2 in Staves
   836 | D:6      | Reached skill level 2 in Slings
   836 | D:6      | Reached skill level 2 in Bows
   836 | D:6      | Reached skill level 2 in Crossbows
   836 | D:6      | Reached skill level 2 in Throwing
   836 | D:6      | Reached skill level 2 in Armour
   836 | D:6      | Reached skill level 2 in Shields
   836 | D:6      | Reached skill level 2 in Unarmed Combat
   836 | D:6      | Reached skill level 2 in Evocations
   867 | D:6      | Noticed a sky beast
   871 | D:7      | Reached XP level 7. HP: 50/50 MP: 15/15
   935 | D:7      | Found a sand-covered staircase.
   954 | Ossuary  | Entered an ossuary
   973 | Ossuary  | Reached skill level 2 in Conjurations
   973 | Ossuary  | Reached skill level 2 in Hexes
   973 | Ossuary  | Reached skill level 2 in Charms
   973 | Ossuary  | Reached skill level 2 in Summonings
   973 | Ossuary  | Reached skill level 2 in Necromancy
   973 | Ossuary  | Reached skill level 2 in Translocations
   973 | Ossuary  | Reached skill level 2 in Fire Magic
   973 | Ossuary  | Reached skill level 2 in Ice Magic
   973 | Ossuary  | Reached skill level 2 in Air Magic
   973 | Ossuary  | Reached skill level 2 in Poison Magic
   979 | Ossuary  | Reached * piety under Cheibriados
   979 | Ossuary  | Reached skill level 3 in Transmutations
  1008 | Ossuary  | Reached skill level 5 in Stealth
  1012 | Ossuary  | Reached skill level 3 in Invocations
  1029 | Ossuary  | Reached XP level 8. HP: 29/57 MP: 6/16
  1058 | Ossuary  | Reached skill level 6 in Earth Magic
  1171 | Ossuary  | Reached skill level 3 in Fighting
  1171 | Ossuary  | Reached skill level 3 in Short Blades
  1171 | Ossuary  | Reached skill level 3 in Long Blades
  1171 | Ossuary  | Reached skill level 3 in Axes
  1171 | Ossuary  | Reached skill level 3 in Maces & Flails
  1171 | Ossuary  | Reached skill level 3 in Polearms
  1171 | Ossuary  | Reached skill level 3 in Staves
  1171 | Ossuary  | Reached skill level 3 in Slings
  1171 | Ossuary  | Reached skill level 3 in Bows
  1171 | Ossuary  | Reached skill level 3 in Crossbows
  1171 | Ossuary  | Reached skill level 3 in Throwing
  1171 | Ossuary  | Reached skill level 3 in Armour
  1171 | Ossuary  | Reached skill level 3 in Shields
  1171 | Ossuary  | Reached skill level 3 in Unarmed Combat
  1171 | Ossuary  | Reached skill level 3 in Evocations
  1179 | D:7      | Gained mutation: You can translocate small distances at will. [potion of mutation]
  1179 | D:7      | Gained mutation: You are resistant to hostile enchantments. (MR+) [potion of mutation]
  1179 | D:7      | Gained mutation: Your spells are a little harder to cast, but a little more powerful. [potion of mutation]
  1299 | D:7      | Reached skill level 6 in Spellcasting
  1363 | D:8      | Found Founish's Gadget Shop.
  1394 | D:8      | Noticed a red ugly thing
  1433 | D:8      | Killed a red ugly thing
  1433 | D:8      | Reached skill level 3 in Conjurations
  1433 | D:8      | Reached skill level 3 in Hexes
  1433 | D:8      | Reached skill level 3 in Charms
  1433 | D:8      | Reached skill level 3 in Summonings
  1433 | D:8      | Reached skill level 3 in Necromancy
  1433 | D:8      | Reached skill level 3 in Translocations
  1433 | D:8      | Reached skill level 3 in Fire Magic
  1433 | D:8      | Reached skill level 3 in Ice Magic
  1433 | D:8      | Reached skill level 3 in Air Magic
  1433 | D:8      | Reached skill level 3 in Poison Magic
  1433 | D:8      | Reached skill level 4 in Invocations
  1460 | D:7      | Reached skill level 6 in Dodging
  1460 | D:7      | Reached XP level 9. HP: 64/65 MP: 12/18
  1499 | D:9      | Noticed a troll
  1504 | D:9      | Killed a troll
  1523 | D:9      | Reached ** piety under Cheibriados
  1523 | D:9      | Reached skill level 4 in Fighting
  1523 | D:9      | Reached skill level 4 in Short Blades
  1523 | D:9      | Reached skill level 4 in Long Blades
  1523 | D:9      | Reached skill level 4 in Axes
  1523 | D:9      | Reached skill level 4 in Maces & Flails
  1523 | D:9      | Reached skill level 4 in Polearms
  1523 | D:9      | Reached skill level 4 in Staves
  1523 | D:9      | Reached skill level 4 in Slings
  1523 | D:9      | Reached skill level 4 in Bows
  1523 | D:9      | Reached skill level 4 in Crossbows
  1523 | D:9      | Reached skill level 4 in Throwing
  1523 | D:9      | Reached skill level 4 in Armour
  1523 | D:9      | Reached skill level 4 in Shields
  1523 | D:9      | Reached skill level 4 in Unarmed Combat
  1523 | D:9      | Reached skill level 4 in Transmutations
  1523 | D:9      | Reached skill level 4 in Evocations
  1550 | D:10     | Entered Level 10 of the Dungeon
  1559 | D:9      | Noticed a rime drake
  1567 | D:9      | Killed a rime drake
  1567 | D:9      | Reached skill level 6 in Stealth
  1643 | D:11     | Killed an unseen horror
  1643 | D:11     | Reached skill level 5 in Invocations
  1704 | D:11     | Reached XP level 10. HP: 73/73 MP: 15/20
  1723 | D:11     | Reached skill level 7 in Spellcasting
  1803 | D:11     | Noticed a gargoyle
  1824 | D:11     | Killed a gargoyle
  1824 | D:11     | Reached skill level 4 in Conjurations
  1824 | D:11     | Reached skill level 4 in Hexes
  1824 | D:11     | Reached skill level 4 in Charms
  1824 | D:11     | Reached skill level 4 in Summonings
  1824 | D:11     | Reached skill level 4 in Necromancy
  1824 | D:11     | Reached skill level 4 in Translocations
  1824 | D:11     | Reached skill level 4 in Fire Magic
  1824 | D:11     | Reached skill level 4 in Ice Magic
  1824 | D:11     | Reached skill level 4 in Air Magic
  1824 | D:11     | Reached skill level 4 in Poison Magic
  1839 | D:11     | Noticed an eight-headed hydra
  1860 | D:11     | Found a labyrinth entrance.
  1872 | D:11     | Got a jade-encrusted scale mail
  1890 | Lab      | Entered a labyrinth
  1905 | Lab      | Identified the +3 scale mail of Ziggegiodo {+Blink} (You found it on level 11 of the Dungeon)
  1911 | Lab      | Learned a level 5 spell: Blade Hands
  1938 | Lab      | Reached skill level 5 in Fighting
  1938 | Lab      | Reached skill level 5 in Short Blades
  1938 | Lab      | Reached skill level 5 in Long Blades
  1938 | Lab      | Reached skill level 5 in Axes
  1938 | Lab      | Reached skill level 5 in Maces & Flails
  1938 | Lab      | Reached skill level 5 in Polearms
  1938 | Lab      | Reached skill level 5 in Staves
  1938 | Lab      | Reached skill level 5 in Slings
  1938 | Lab      | Reached skill level 5 in Bows
  1938 | Lab      | Reached skill level 5 in Crossbows
  1938 | Lab      | Reached skill level 5 in Throwing
  1938 | Lab      | Reached skill level 5 in Armour
  1938 | Lab      | Reached skill level 5 in Shields
  1938 | Lab      | Reached skill level 5 in Unarmed Combat
  1938 | Lab      | Reached skill level 5 in Evocations
  1967 | Lab      | Reached skill level 7 in Earth Magic
  2029 | Lab      | Learned a level 4 spell: Petrify
  2084 | Lab      | Noticed a minotaur
  2095 | Lab      | Killed a minotaur
  2095 | Lab      | Reached skill level 7 in Dodging
  2107 | Lab      | Got a bloodstained leather armour
  2107 | Lab      | Got a bloodstained leather armour
  2107 | Lab      | Got a warped jade amulet
  2107 | Lab      | Got a shimmering ivory ring
  2110 | Lab      | Identified the amulet of Joisil {Gourm rElec Int+2 Dex-4} (You found it in a labyrinth)
  2113 | Lab      | Identified the ring of Equilibrium {+Inv MP+9 Str+4 Dex-3} (You found it in a labyrinth)
  2122 | Lab      | Learned a level 5 spell: Borgnjor's Vile Clutch
  2132 | Lab      | Identified the +2 leather armour of the Several Souls {Stlth+} (You found it in a labyrinth)
  2142 | Lab      | Identified the +3 leather armour "Fein" {rC+++ MR++} (You found it in a labyrinth)
  2215 | Lab      | Reached skill level 5 in Transmutations
  2293 | D:11     | Killed an eight-headed hydra
  2293 | D:11     | Reached skill level 7 in Stealth
  2293 | D:11     | Reached skill level 6 in Invocations
  2364 | D:12     | Reached XP level 11. HP: 81/81 MP: 22/22
  2368 | D:11     | Reached *** piety under Cheibriados
  2390 | D:12     | Found a deep blue altar of Sif Muna.
  2519 | D:12     | Noticed a necromancer
  2527 | D:12     | Killed a necromancer
  2535 | D:12     | Reached skill level 6 in Fighting
  2535 | D:12     | Reached skill level 6 in Short Blades
  2535 | D:12     | Reached skill level 6 in Long Blades
  2535 | D:12     | Reached skill level 6 in Axes
  2535 | D:12     | Reached skill level 6 in Maces & Flails
  2535 | D:12     | Reached skill level 6 in Polearms
  2535 | D:12     | Reached skill level 6 in Staves
  2535 | D:12     | Reached skill level 6 in Slings
  2535 | D:12     | Reached skill level 6 in Bows
  2535 | D:12     | Reached skill level 6 in Crossbows
  2535 | D:12     | Reached skill level 6 in Throwing
  2535 | D:12     | Reached skill level 6 in Armour
  2535 | D:12     | Reached skill level 6 in Shields
  2535 | D:12     | Reached skill level 6 in Unarmed Combat
  2535 | D:12     | Reached skill level 6 in Evocations
  2592 | D:12     | Noticed a deep elf mage
  2595 | D:12     | Noticed a deep elf mage
  2604 | D:12     | Killed a deep elf mage
  2604 | D:12     | Reached skill level 5 in Conjurations
  2604 | D:12     | Reached skill level 5 in Hexes
  2604 | D:12     | Reached skill level 5 in Charms
  2604 | D:12     | Reached skill level 5 in Summonings
  2604 | D:12     | Reached skill level 5 in Necromancy
  2604 | D:12     | Reached skill level 5 in Translocations
  2604 | D:12     | Reached skill level 5 in Fire Magic
  2604 | D:12     | Reached skill level 5 in Ice Magic
  2604 | D:12     | Reached skill level 5 in Air Magic
  2604 | D:12     | Reached skill level 5 in Poison Magic
  2662 | D:12     | Noticed a manticore
  2673 | D:12     | Reached skill level 8 in Spellcasting
  2691 | D:12     | Reached **** piety under Cheibriados
  2825 | D:12     | Killed a manticore
  2865 | D:12     | Noticed a deep elf mage
  2872 | D:12     | Killed a deep elf mage
  2872 | D:12     | Reached skill level 7 in Invocations
  2897 | D:12     | Reached skill level 8 in Dodging
  2936 | D:13     | Found a gate to the Vaults.
  2936 | D:13     | Noticed a centaur warrior
  2936 | D:13     | Noticed an orc knight
  2936 | D:13     | Noticed Rupert
  2939 | D:13     | Killed a centaur warrior
  2939 | D:13     | Reached skill level 8 in Stealth
  2939 | D:13     | Reached skill level 6 in Transmutations
  2939 | D:13     | Reached XP level 12. HP: 89/89 MP: 24/24
  2939 | D:13     | Reached skill level 8 in Earth Magic
  2940 | D:13     | Shot with a bolt by a yaktaur

Skill      XL: |  1  2  3  4  5  6  7  8  9 10 11 12 |
---------------+-------------------------------------+-----
Transmutations | 2 3 4 5 6 |  6.1
Fighting       | 1 2 3 4 5 6 |  6.8
Short Blades   | 1 2 3 4 5 6 |  6.8
Long Blades    | 1 2 3 4 5 6 |  6.8
Axes           | 1 2 3 4 5 6 |  6.8
Maces & Flails | 1 2 3 4 5 6 |  6.8
Polearms       | 1 2 3 4 5 6 |  6.8
Staves         | 1 2 3 4 5 6 |  6.8
Slings         | 1 2 3 4 5 6 |  6.8
Bows           | 1 2 3 4 5 6 |  6.8
Crossbows      | 1 2 3 4 5 6 |  6.8
Throwing       | 1 2 3 4 5 6 |  6.8
Armour         | 1 2 3 4 5 6 |  6.8
Shields        | 1 2 3 4 5 6 |  6.8
Unarmed Combat | 1 2 3 4 5 6 |  6.8
Spellcasting   | 5 6 7 8 |  8.6
Conjurations   | 1 2 3 4 5 |  5.7
Hexes          | 1 2 3 4 5 |  5.7
Charms         | 1 2 3 4 5 |  5.7
Summonings     | 1 2 3 4 5 |  5.7
Necromancy     | 1 2 3 4 5 |  5.7
Translocations | 1 2 3 4 5 |  5.7
Fire Magic     | 1 2 3 4 5 |  5.7
Ice Magic      | 1 2 3 4 5 |  5.7
Air Magic      | 1 2 3 4 5 |  5.7
Poison Magic   | 1 2 3 4 5 |  5.7
Invocations    | 1 2 3 4 5 6 7 |  7.5
Evocations     | 1 2 3 4 5 6 |  6.8
Dodging        | 5 6 7 8 |  8.3
Stealth        | 5 6 7 8 |  8.1
Earth Magic    | 6 7 8 |  8.0

Action                   |  1- 3 |  4- 6 |  7- 9 | 10-12 || total
-------------------------+-------+-------+-------+-------++-------
Melee: Unarmed           |     6 |       |    54 |   117 ||   177
       Bite              |     2 |     4 |    21 |    30 ||    57
       Scythe            |       |    39 |       |    19 ||    58
       Dagger            |       |     5 |    14 |    42 ||    61
       Trident           |       |       |   117 |       ||   117
       Punch             |       |       |     1 |    10 ||    11
Throw: Tomahawk          |       |       |       |     5 ||     5
       Throwing net      |       |       |       |     1 ||     1
 Cast: Sandblast         |    22 |    21 |    26 |     7 ||    76
       Stone Arrow       |       |     4 |    23 |     3 ||    30
       Sticks to Snakes  |       |       |     3 |       ||     3
       Petrify           |       |       |       |     5 ||     5
       Blade Hands       |       |       |       |    11 ||    11
       Passwall          |       |       |       |     9 ||     9
       Borgnjor's Vile C |       |       |       |     3 ||     3
Invok: Bend Time         |       |       |     1 |     2 ||     3
       Slouch            |       |       |       |     2 ||     2
 Abil: End Transformatio |       |       |       |     3 ||     3
       Evoke Blink       |       |       |       |     2 ||     2
Evoke: Wand              |       |     1 |     4 |    16 ||    21
  Use: Scroll            |     2 |     6 |     6 |     5 ||    19
       Potion            |       |     3 |     4 |     4 ||    11
 Stab: Sleeping          |     2 |     6 |     1 |    15 ||    24
       Distracted        |       |       |     1 |       ||     1
       Petrified         |       |       |       |     4 ||     4
       Paralysed         |       |       |       |     4 ||     4
  Eat: Ration            |       |       |     1 |     2 ||     3
       Chunk             |       |       |       |     5 ||     5
Armor: Robe              |     2 |    14 |       |       ||    16
       Ring mail         |       |    11 |    37 |       ||    48
       Skin              |       |       |    67 |       ||    67
       Troll leather arm |       |       |     1 |    32 ||    33
       Scale mail        |       |       |       |     5 ||     5
Dodge: Dodged            |     9 |    56 |    91 |   114 ||   270

Table legend:
 A = Turns spent in this place as a percentage of turns spent in the entire game.
 B = Non-inter-level travel turns spent in this place as a percentage of non-inter-level travel turns spent in the entire game.
 C = Inter-level travel turns spent in this place as a percentage of turns spent in this place.
 D = Turns resting spent in this place as a percentage of non-inter-level travel turns spent in this place.
 E = Turns spent auto-exploring this place as a percentage of non-inter-level travel turns spent in this place.
 F = Non-inter-level travel turns spent in this place divided by the number of levels of this place that you've seen.
                   A       B       C       D       E      F
               +-------+-------+-------+-------+-------+----------------------
         Total | 100.0 | 100.0 |   0.3 |   0.0 |   0.0 | 183.2
       Dungeon |  77.9 |  78.1 |   0.0 |   0.0 |   0.0 | 176.1
        Temple |   1.3 |   1.0 |  21.1 |   0.0 |   0.0 |  30.0
     Labyrinth |  13.3 |  13.3 |   0.0 |   0.0 |   0.0 | 390.0
       Ossuary |   7.6 |   7.6 |   0.0 |   0.0 |   0.0 | 223.0
               +-------+-------+-------+-------+-------+----------------------

Table legend:
 A = Kills in this place as a percentage of kills in entire the game.
 B = Kills by you in this place as a percentage of kills by you in the entire game.
 C = Kills by friends in this place as a percentage of kills by friends in the entire game.
 D = Other kills in this place as a percentage of other kills in the entire game.
 E = Experience gained in this place as a percentage of experience gained in the entire game.
 F = Experience gained in this place divided by the number of levels of this place that you have seen.
                   A       B       C       D       E      F
               +-------+-------+-------+-------+-------+----------------------
         Total | 100.0 | 100.0 |   N/A |   N/A | 100.0 | 1261.9
       Dungeon |  83.0 |  83.0 |   N/A |   N/A |  84.3 | 1309.5
     Labyrinth |   4.9 |   4.9 |   N/A |   N/A |  12.6 | 2549.0
       Ossuary |  12.1 |  12.1 |   N/A |   N/A |   3.1 | 618.0
               +-------+-------+-------+-------+-------+----------------------

Vault maps used:
D:1:      dpeg_arrival_radiant, roderic_roman_lattice, minmay_surrounded
D:2:      elyvilon_altar_5, uniq_robin
D:3:      minivault_24, uniq_sigmund
D:4:      kennysheep_goblin_castle, first_ration,
          nemelex_xobeh_ov_fountains_minmay
D:5:      minmay_temple_entry_overgrown, kennysheep_diamond,
          kennysheep_cluttered_room
D:7:      chequers_ossuary_entry_cave, uniq_duvessa
D:8:      serial_shops, kennysheep_mini, hangedman_little_slice_of_home,
          lemuel_flamethrower_2
D:9:      hiddenorc1_lemuel
D:10:     minmay_lair_entry_grove, okawaru_metal_pillars_1_2, uniq_erolcha,
          uniq_urug
D:11:     lab_entry_generic
D:12:     serial_shops, shop, basic_altar, eino_house_with_fridge
D:13:     minmay_strange_plus, david_vaults_3, uniq_kirke, uniq_frances
Temple:   compressed_dpeg_triangle_lava_temple
Lab:      labyrinth_spiral, lab_block, lab_statue, lab_hedge,
          nicolae_lab_diamond
Ossuary:  ossuary_zaba_flooded
